 Dungeon Crawl Stone Soup version 0.29.1-15-g9cfb28693d (webtiles) character file.

Game seed: 14760303356701439492

38 croobank the Sneak (level 3, -2/29 HPs)
             Began as a Demonspawn Delver on Mar 10, 2023.
             Slain by a gnoll
             ... wielding a +0 club
             ... led by a gnoll bouda
              (3 damage)
             ... on level 5 of the Dungeon.
             The game lasted 00:01:20 (195 turns).

croobank the Sneak (Demonspawn Delver)               Turns: 195, Time: 00:01:20

Health: -2/29      AC:  4    Str: 14    XL:     3   Next: 25%
Magic:  3/3        EV: 12    Int: 11    God:
Gold:   26         SH:  0    Dex: 14    Spells: 2/2 levels left

rFire   . . .      SeeInvis .   a - +0 hand axe
rCold   . . .      Faith    .   (no shield)
rNeg    . . .      Spirit   .   h - +0 leather armour
rPois   .          Reflect  .   (no helmet)
rElec   .          Harm     .   (no cloak)
rCorr   .          Rampage  .   (no gloves)
Will    .....                   (no boots)
Stlth   +++.......              (no amulet)
HPRegen 0.09/turn               (no ring)
MPRegen 0.08/turn               (no ring)

@: mighty, weakened
A: sharp scales 1
a: no special abilities


You were on level 5 of the Dungeon.
You visited 1 branch of the dungeon, and saw 2 of its levels.

You collected 26 gold pieces.

Inventory:

Hand Weapons
 a - a +0 hand axe (weapon)
 b - a +0 shortbow
Armour
 h - a +0 leather armour (worn)
Wands
 g - a wand of digging (3)
Scrolls
 c - a scroll of fog
Potions
 f - a potion of haste


   Skills:
 + Level 3.3 Fighting
 + Level 2.2 Axes
 + Level 2.2 Dodging
 + Level 4.8 Stealth


You had 2 spell levels left.
You didn't know any spells.
Your spell library was empty.

Dungeon Overview and Level Annotations

Branches:
Dungeon (6/15)
 Temple: D:4-7

Altars:


Innate Abilities, Weirdness & Mutations

You are partially covered in razor-sharp scales. (AC +1, Slay +1)


Message History

The gnoll bouda is moderately wounded.
The gnoll bouda closely misses you.
A gnoll comes into view. It is wielding a +0 spear.
The gnoll bouda closely misses you. The gnoll hits you with a +0 club.
The gnoll shouts!
You slash the gnoll bouda!
The gnoll bouda is almost dead.
You closely miss the gnoll.
You hear a shout!
A gnoll comes into view. It is wielding a +0 flail.
A gnoll comes into view. It is wielding a +0 club.
The gnoll bouda gazes fiercely through you!
You feel your attacks grow feeble. The gnoll hits you but does no damage.
You hit the gnoll bouda.
You kill the gnoll bouda!
You hit the gnoll. The gnoll hits you with a +0 club.
Your Axes skill increases to level 2!
Your Dodging skill increases to level 2!
You have reached level 2!
Your demonic ancestry asserts itself...
Sharp scales grow over part of your body.
You have reached level 3!
Your experience leads to an increase in your attributes!
Increase (S)trength, (I)ntelligence, or (D)exterity?
You feel stronger. x2
You slash the gnoll!
You kill the gnoll!
The gnoll hits you with a +0 spear.
You closely miss the gnoll. You hit the gnoll but do no damage.
The gnoll hits you with a +0 club.
An ufetubus comes into view.
You closely miss the gnoll. You barely miss the gnoll.
The gnoll hits you with a +0 spear! The gnoll hits you with a +0 club.
The gnoll hits you with a +0 flail.
* * * LOW HITPOINT WARNING * * *
The gnoll hits you with a +0 spear.
* * * LOW HITPOINT WARNING * * *
The gnoll hits you with a +0 club.
You die...

,*,,,,,,,,,**+*#.,,,,**+**,,*,,,,
,*,,,,,,,,,,,,,#....,,*,,,,,+,,,,
,*,,,,,,******##...,,,*,,,,,*,,,,
,*,,,,,,*,,,,,#....,,,*******,,,,
,+,,,,,,*,,,,,+...,,,,**,,,**,,,,
,*,,,,,,*,,,,,#...,,,,,,,,,,,,,,,
**,,,,,,*,,,,,*#'######*,,,,,,,,,
,,,***+**,,,,,*#gg....#*,,,,,,,,,
,,,*,,,,*,,,,,,#@g....#,,,,,,,,,,
,,,*,,,,+,,,,,,#.)....+,,,,,,,,,,
,,,*,,,,*,,,,,,#......#,,>,,,,,,,
,,,*,,,**,,,,,*#......#*,,,**,,,,
****,,,**,,,,,##......##*****,,,,
,,,,,,,,,,,,,,#........+,,,,,,,,,
,,,,,,,,,,,,,,#........#,,,,,,,,,
,,,,,,,**,,,,,##.......#,,,,,,,,,
,***,,,**,,.,,*#.......#,,,,,,,,,


You could see 3 gnolls.

Vanquished Creatures
  A gnoll bouda (D:5)
  A gnoll (D:5)
2 creatures vanquished.

Notes
Turn   | Place    | Note
-------+----------+-------------------------------------------
     0 | D:5      | croobank the Demonspawn Delver began the quest for the Orb.
     0 | D:5      | Reached XP level 1. HP: 18/18 MP: 1/1
    20 | D:6      | Noticed a centaur
   158 | D:5      | Noticed a scorpion
   182 | D:5      | Noticed a gnoll bouda
   191 | D:5      | Killed a gnoll bouda
   192 | D:5      | Gained mutation: You are partially covered in razor-sharp
                  | scales. (AC +1, Slay +1) [demonic ancestry]
   192 | D:5      | Reached XP level 2. HP: 21/24 MP: 2/2
   192 | D:5      | Reached XP level 3. HP: 25/29 MP: 3/3
   195 | D:5      | HP: 1/29 [gnoll/+0 spear[a gnoll bouda] (4)]
   195 | D:5      | Slain by a gnoll

Illustrated notes

Levels and vault maps discovered:
D:5:      layout_gridville, mainiacjoe_overflow_boulevard, grunt_ministairs_13,
          uniq_pikel, uniq_blork_the_orc
D:6:      layout_rooms, ebering_ghost_reflecting_pool

Skill      XL: |  1 |
---------------+----+-----
Axes           | 2 |  2.2
Dodging        | 2 |  2.2
Fighting       | |  3.3
Stealth        | |  4.8

Action                   || total
-------------------------++-------
Melee: Hand axe          ||     6
 Fire: Shortbow          ||     8
  Use: Scroll            ||     2
       Potion            ||     1
Armor: Leather armour    ||     1
Dodge: Dodged            ||     2
